 Dungeon Crawl Stone Soup version 0.30-a0-170-g85af917532 (webtiles) character file.

Game seed: 6993167292675120383

167 qw the Chopper (level 5, -3/32 HPs)
             Began as a Gargoyle Fighter on Sept 30, 2022.
             Slain by Pikel
             ... wielding a +1 whip of flaming
              (6 damage)
             ... on level 4 of the Dungeon.
             The game lasted 00:01:10 (3207 turns).

qw the Chopper (Gargoyle Fighter)                   Turns: 3207, Time: 00:01:11

Health: -3/32      AC: 14    Str: 22    XL:     5   Next: 48%
Magic:  5/5        EV:  9    Int:  8    God:
Gold:   157        SH:  4    Dex:  9    Spells: 4/4 levels left

rFire   . . .      SeeInvis .    Y - +0 war axe
rCold   . . .      Faith    .    c - +0 buckler
rNeg    + . .      Spirit   .    b - +0 scale mail
rPois   inf        Reflect  .    (no helmet)
rElec   +          Harm     .    (no cloak)
rCorr   .          Rampage  .    (no gloves)
Will    .....                    (no boots)
Stlth   ..........               l - amulet of regeneration
HPRegen 0.90/turn                o - +4 ring of protection
MPRegen 0.09/turn                (no ring)

@: no status effects
A: sickness immunity, AC +4, negative energy resistance 1, electricity
resistance, torment resistance 1, petrification resistance
a: no special abilities


You were on level 4 of the Dungeon.
You visited 1 branch of the dungeon, and saw 4 of its levels.

You collected 157 gold pieces.


Innate Abilities, Weirdness & Mutations

You are immune to sickness and miasma.
Your stone body is resilient. (AC +4)
You are immune to poison.
You resist negative energy. (rN+)
You are resistant to electric shocks. (rElec)
You are resistant to unholy torment.
You are immune to petrification.


   Skills:
 + Level 3.2 Fighting
 - Level 5.0 Axes
 - Level 3.2 Armour
 - Level 3.2 Shields


You had 4 spell levels left.
You didn't know any spells.
Your spell library was empty.

Inventory:

Hand Weapons
 j - a +0 flail
 Y - a +0 war axe (weapon)
Armour
 b - a +0 scale mail (worn)
 c - a +0 buckler (worn)
Jewellery
 l - an amulet of regeneration (around neck)
 o - a +4 ring of protection (left hand)
Scrolls
 h - a scroll of identify
 p - a scroll of enchant armour
Potions
 d - 3 potions of might
 e - 2 potions of resistance
 f - 5 potions of curing
 g - a potion of haste
 n - a potion of mutation {unknown}

Dungeon Overview and Level Annotations

Branches:
Dungeon (4/15)
 Temple: D:4-7

Altars:

Shops:
D:4 (

Annotations:
D:4 Pikel


Message History

Pikel burns you.
3201 ||| DRINKING potion of heal wounds.
You feel much better. Pikel hits you but does no damage.
The lemure hits you but does no damage.
You closely miss Pikel.
Pikel is moderately wounded.
You barely miss the lemure.
Pikel hits you with a +1 whip of flaming.
Pikel burns you. The lemure hits you but does no damage.
You barely miss Pikel.
Pikel is moderately wounded.
You closely miss the lemure. Pikel barely misses you.
The lemure closely misses you.
Pikel zaps a wand.
The bolt of dispelling energy hits you. The lemure hits you.
You block the lemure's attack.
You closely miss Pikel.
Pikel is moderately wounded.
You hit the lemure. You closely miss the lemure. The lemure hits you.
You block Pikel's attack.
You hit Pikel.
Pikel is moderately wounded.
You closely miss the lemure. You hit the lemure but do no damage.
The lemure hits you. The lemure hits you but does no damage.
Pikel closely misses you.
You completely miss Pikel.
Pikel is moderately wounded.
You closely miss the lemure. You slash the lemure! You barely miss the lemure.
The lemure hits you.
Pikel hits you with a +1 whip of flaming!
Pikel burns you. The lemure barely misses you.
The lemure hits you but does no damage.
You hit Pikel but do no damage.
Pikel is moderately wounded.
You barely miss the lemure. You hit the lemure. You miss the lemure.
The lemure hits you but does no damage. You block the lemure's attack.
Pikel hits you with a +1 whip of flaming.
Pikel burns you.
The lemure hits you but does no damage. x3
You block the lemure's attack.
Pikel hits you with a +1 whip of flaming.
You die...

#..#..##. .
###..#....
..##........
........... ...
.......... ...#
...........###...
.......rK55....#
...5.
#+#@5....##.
.....#.#.........
#.K.#.#......#>
#..#<#.....##
#5#.'.....#
#.#.'.#.###
###\###.# #.# .#
#.# ##


You could see Pikel, 3 lemures and a quokka.

Vanquished Creatures
  An iguana (D:4)
  A gnoll (D:1)
  5 adders (D:2)
  3 worms
  A dart slug (D:3)
  5 bats
  3 endoplasms
  4 giant cockroaches
  12 hobgoblins
  8 kobolds
  2 quokkas (D:3)
  4 ball pythons
  10 frilled lizards
  8 goblins
  9 rats
76 creatures vanquished.

Notes
Turn   | Place    | Note
-------+----------+-------------------------------------------
     0 | D:1      | qw the Gargoyle Fighter began the quest for the Orb.
     0 | D:1      | Reached XP level 1. HP: 14/14 MP: 1/1
     0 | D:1      | 0 ||| qw: Version: 0.2-a-13-gfc7b4b4
     0 | D:1      | 0 ||| qw: Game counter: 1669
     0 | D:1      | 0 ||| qw: Always use a shield: true
     0 | D:1      | 0 ||| qw: God list: Okawaru
     0 | D:1      | 0 ||| qw: Allow faded altars: false
     0 | D:1      | 0 ||| qw: Do Orc after D:15 true
     0 | D:1      | 0 ||| qw: Do second Lair branch before Depths: true
     0 | D:1      | 0 ||| qw: Lair rune preference: random
     0 | D:1      | 0 ||| qw: Plans: Normal, Zot:1-4, God:TSO, Crypt, Tomb,
                  | Pan, Slime:5, Hells, Abyss, Orb
     0 | D:1      | 0 ||| PLANNING D:1-11
   149 | D:1      | Reached skill level 2 in Axes
   237 | D:1      | Reached XP level 2. HP: 7/19 MP: 2/2
   447 | D:1      | Reached skill level 3 in Axes
   506 | D:1      | 506 ||| Stepping ~*~*~tactically~*~*~ (stealth).
   512 | D:1      | Reached XP level 3. HP: 23/23 MP: 3/3
   539 | D:1      | 539 ||| Stepping ~*~*~tactically~*~*~ (stealth).
   573 | D:1      | 573 ||| Stepping ~*~*~tactically~*~*~ (stealth).
   596 | D:1      | 596 ||| Stepping ~*~*~tactically~*~*~ (stealth).
   610 | D:1      | 610 ||| Stepping ~*~*~tactically~*~*~ (stealth).
   613 | D:1      | 613 ||| Stepping ~*~*~tactically~*~*~ (stealth).
   656 | D:1      | 656 ||| Stepping ~*~*~tactically~*~*~ (stealth).
   657 | D:1      | 657 ||| Stepping ~*~*~tactically~*~*~ (stealth).
   660 | D:1      | 660 ||| Stepping ~*~*~tactically~*~*~ (stealth).
   661 | D:1      | 661 ||| Stepping ~*~*~tactically~*~*~ (stealth).
   710 | D:1      | Found a faded altar of an unknown god.
   853 | D:1      | 853 ||| DROPPING +0 club.
   895 | D:1      | 895 ||| Stepping ~*~*~tactically~*~*~ (stealth).
   903 | D:1      | 903 ||| Stepping ~*~*~tactically~*~*~ (stealth).
  1161 | D:1      | 1161 ||| READING scroll labelled QEUDOGG GYRA.
  1162 | D:1      | 1162 ||| READING scroll labelled MEOTOE BAIX.
  1163 | D:1      | 1163 ||| READING scroll labelled BAZEGUU ERCHESS.
  1164 | D:1      | 1164 ||| DRINKING 2 cyan potions.
  1367 | D:2      | 1367 ||| Stepping ~*~*~tactically~*~*~ (stealth).
  1368 | D:2      | 1368 ||| Stepping ~*~*~tactically~*~*~ (stealth).
  1419 | D:2      | Reached XP level 4. HP: 25/28 MP: 4/4
  1564 | D:2      | Reached skill level 4 in Axes
  2269 | D:2      | Reached XP level 5. HP: 30/32 MP: 5/5
  2448 | D:2      | 2448 ||| UPGRADING to amulet of regeneration.
  2453 | D:2      | 2453 ||| READING scroll labelled UMIULO UDUS.
  2454 | D:2      | 2454 ||| READING scroll labelled UREPSA LEALO.
  2455 | D:2      | 2455 ||| DRINKING 3 black potions.
  2456 | D:2      | 2456 ||| DRINKING 2 silvery potions.
  3016 | D:3      | 3016 ||| UPGRADING to +4 ring of protection.
  3017 | D:3      | 3017 ||| READING scroll labelled ANYULOL YSYN.
  3118 | D:3      | 3118 ||| READING scroll labelled QAIMIU JAXYB.
  3119 | D:3      | 3119 ||| DRINKING 2 sapphire potions.
  3120 | D:3      | 3120 ||| READING 2 scrolls of identify.
  3120 | D:3      | 3120 ||| IDENTIFYING ruby potion
  3121 | D:3      | 3121 ||| DROPPING potion of flight.
  3170 | D:4      | Found Gegatin's Antique Weapon Emporium.
  3179 | D:4      | Reached skill level 5 in Axes
  3179 | D:4      | 3179 ||| STAIRDANCE
  3186 | D:4      | Noticed a lemure
  3186 | D:4      | Noticed a lemure
  3187 | D:4      | Noticed Pikel
  3187 | D:4      | Noticed a lemure
  3189 | D:4      | Noticed a lemure
  3191 | D:4      | 3191 ||| Stepping randomly (stuck).
  3192 | D:4      | 3192 ||| Stepping randomly (stuck).
  3193 | D:4      | 3193 ||| Stepping randomly (stuck).
  3194 | D:4      | 3194 ||| Stepping randomly (stuck).
  3195 | D:4      | 3195 ||| Stepping randomly (stuck).
  3200 | D:4      | HP: 5/32 [Pikel/+1 whip of flaming (10)]
  3201 | D:4      | 3201 ||| DRINKING potion of heal wounds.
  3206 | D:4      | HP: 6/32 [Pikel/+1 whip of flaming (9)]
  3207 | D:4      | Slain by Pikel

Levels and vault maps discovered:
D:1:      denvon_arrival_planthouse, layout_loops_ring,
          hellmonk_ecumenical_altar_leap_of_faith, minmay_stone_trees_large,
          minmay_surrounded
D:2:      minmay_chambers_of_twos, layout_loops_corners, skrybe_limestone_x
D:3:      layout_basic
D:4:      layout_cave_pools, serial_shops, nicolae_shop_hallway_stairs,
          uniq_menkaure, uniq_pikel

Skill      XL: |  1  2  3  4  5 |
---------------+----------------+-----
Axes           | 2 3 4 5 |  5.0
Fighting       | |  3.2
Armour         | |  3.2
Shields        | |  3.2

Action                   |  1- 3 |  4- 6 || total
-------------------------+-------+-------++-------
Melee: War axe           |    90 |   119 ||   209
Throw: Boomerang         |     4 |       ||     4
  Use: Scroll            |     3 |     5 ||     8
       Potion            |     1 |     4 ||     5
Armor: Scale mail        |    38 |    70 ||   108
Dodge: Dodged            |    37 |    48 ||    85
Block: Buckler           |    11 |    19 ||    30

Table legend:
 A = Non-vault XP
 B = Vault XP
 C = Vault XP percentage of total XP
 D = Non-vault monster count
 E = Vault monster count
 F = Vault count percentage of total count
                 A         B        C        D         E       F
            +---------+---------+-------+---------+---------+-------
      Total |     212 |      27 |  11.3 |      66 |      10 |  13.2
            +---------+---------+-------+---------+---------+-------
        D:1 |      57 |       3 |   5.0 |      30 |       2 |   6.2
        D:2 |      83 |      24 |  22.4 |      19 |       8 |  29.6
        D:3 |      35 |       0 |   0.0 |      16 |       0 |   0.0
        D:4 |      37 |       0 |   0.0 |       1 |       0 |   0.0
            +---------+---------+-------+---------+---------+-------
